 Dungeon Crawl Stone Soup version 0.30-a0-772-g5528072125 (webtiles) character file.

Game seed: 5688310217073279282

150 tio the Grave Robber (level 5, -7/35 HPs)
             Began as a Human Necromancer on Feb 12, 2023.
             Mangled by a kobold brigand
             ... wielding a +2 dagger of venom
              (9 damage)
             ... in a sewer.
             The game lasted 00:08:39 (1909 turns).

tio the Grave Robber (Human Necromancer)            Turns: 1909, Time: 00:08:40

Health: -7/35      AC:  5    Str: 10    XL:     5   Next: 58%
Magic:  7/10       EV: 17    Int: 16    God:
Gold:   62         SH:  0    Dex: 13    Spells: 10/11 levels left

rFire   . . .      SeeInvis .    o - +0 dagger (vamp)
rCold   . . .      Faith    .    (no shield)
rNeg    . . .      Spirit   .    a - +1 robe
rPois   .          Reflect  .    (no helmet)
rElec   .          Harm     .    (no cloak)
rCorr   .          Rampage  .    t - +1 pair of gloves
Will    .....                    (no boots)
Stlth   +                        q - amulet of magic regeneration
HPRegen 0.25/turn                g - +5 ring of evasion
MPRegen 0.52/turn                (no ring)

@: lethally poisoned (-7 -> -15), very slow
A: no striking features
a: no special abilities


You were in a sewer.
You visited 1 branch of the dungeon, and saw 4 of its levels.
You also visited: Sewer.

You collected 62 gold pieces.

Inventory:

Hand Weapons
 c - a +0 dagger
 e - a +0 hand axe
 o - a +0 vampiric dagger (weapon)
Armour
 a - a +1 robe (worn)
 t - a +1 pair of gloves (worn)
Jewellery
 g - a +5 ring of evasion (left hand)
 q - an amulet of magic regeneration (around neck)
Wands
 n - a wand of iceblast (5)
 v - a wand of charming (5)
Scrolls
 d - 2 scrolls of teleportation
 k - a scroll of noise {unknown}
 m - a scroll of identify {unknown}
 p - a scroll of immolation {unknown}
 s - a scroll of silence {unknown}
 w - a scroll of magic mapping {unknown}
 x - a scroll of amnesia {unknown}
Potions
 b - 2 potions of magic
 f - a potion of attraction {unknown}
 h - a potion of degeneration {unknown}
 i - a potion of flight {unknown}
 j - a potion of might {unknown}
 l - 4 potions of heal wounds {unknown}
 r - a potion of haste {unknown}
 u - a potion of ambrosia {unknown}


   Skills:
 + Level 0.1 Axes
 + Level 2.0 Dodging
 + Level 2.2 Stealth
 + Level 3.6 Spellcasting
 + Level 5.3 Necromancy


You had 10 spell levels left.
You knew the following spells:

 Your Spells              Type           Power      Damage    Failure   Level
a - Necrotise             Necr           76%        1d7       1%          1

Your spell library contained the following spells:

 Spells                   Type           Power      Damage    Failure   Level
 Sublimation of Blood     Necr           19%        N/A       3%          2
 Vampiric Draining        Necr           19%        2d7       6%          3
 Animate Dead             Necr           19%        N/A       21%         4
 Call Canine Familiar     Summ           2%         N/A       47%         3
 Portal Projectile        Hex/Tloc       4%         N/A       47%         3
 Tukima's Dance           Hex            2%         N/A       47%         3
 Agony                    Necr           19%        N/A       50%         5
 Leda's Liquefaction      Hex/Erth       1%         N/A       87%         4
 Petrify                  Tmut/Erth      2%         N/A       87%         4
 Blade Hands              Tmut           1%         N/A       99%         5
 Irradiate                Conj/Tmut      1%         3d12      99%         5


Dungeon Overview and Level Annotations

Branches:
Dungeon (4/15)              Sewer (1/1)
 Temple: D:4-7

Altars:


Message History

The kobold brigand writhes in agony.
You feel very sick.
The kobold brigand splashes around in the water.
The kobold brigand writhes in agony.
You feel sick.
The kobold brigand splashes around in the water.
The kobold brigand writhes in agony.
You feel sick. The kobold brigand barely misses you.
The kobold brigand writhes in agony.
You feel sick.
The kobold brigand splashes around in the water.
You are too injured to fight recklessly!
Aiming: Iceblast
Press: ? - help, Q - select action, (/) - cycle Shift-Dir - straight line, f - rat, p - kobold brigand
Aim: a rat That beam is likely to hit you.
Continue anyway? [Y]es or [N]o only, please.
That beam is likely to hit you.
Continue anyway?
Okay, then.
You hit the kobold brigand but do no damage.
The kobold brigand is almost dead.
You feel sick.
The kobold brigand splashes around in the water.
You hit the kobold brigand but do no damage.
The kobold brigand is almost dead.
You feel sick.
The kobold brigand hits you with a +2 dagger of venom.
You closely miss the kobold brigand.
The kobold brigand is almost dead.
You feel sick.
The kobold brigand splashes around in the water.
You barely miss the kobold brigand.
The kobold brigand is almost dead.
You feel sick.
The kobold brigand hits you with a +2 dagger of venom.
* * * LOW HITPOINT WARNING * * *
You are lethally poisoned!
Your unstable footing causes you to fumble your attack.
* * * LOW HITPOINT WARNING * * *
You feel very sick.
The kobold brigand hits you with a +2 dagger of venom!
You die...

##### #.~~~~##### ##
#rK@~~####### ~~~~
#.~~~~###~~..~.~##
~..~ ##### #.~~~~~~.#
#..~
~~~~###......~.####~~~
#.~~~~####~.~.##~~..
~~~~##### ##.~~..~~..
## ##~~~.~~..
#......~. #.~~.~~~∩


You could see a kobold brigand and a rat.

Vanquished Creatures
  A hound (D:4)
  Ijyb (D:3)
  4 adders
  A worm (D:4)
  2 dart slugs
  2 ball pythons
  5 bats
  2 endoplasms
  7 giant cockroaches
  4 goblins (D:1)
  2 hobgoblins (D:3)
  3 jackals (D:1)
  5 kobolds
  3 frilled lizards (D:1)
  5 rats
47 creatures vanquished.

Vanquished Creatures (collateral kills)
  A dart slug (D:1)
  A goblin (D:1)
  A kobold (D:1)
3 creatures vanquished.

Vanquished Creatures (others)
  2 plants (D:3)
2 creatures vanquished.

Grand Total: 52 creatures vanquished

Notes
Turn   | Place    | Note
-------+----------+-------------------------------------------
     0 | D:1      | tio the Human Necromancer began the quest for the Orb.
     0 | D:1      | Reached XP level 1. HP: 13/13 MP: 3/3
   101 | D:1      | Reached XP level 2. HP: 19/19 MP: 0/5
   437 | D:1      | Reached XP level 3. HP: 15/24 MP: 1/6
  1084 | D:2      | You fall into a shaft and drop 2 floors!
  1187 | D:4      | Reached XP level 4. HP: 30/30 MP: 5/7
  1497 | D:3      | Reached skill level 5 in Necromancy
  1650 | D:3      | Reached XP level 5. HP: 35/35 MP: 6/9
  1758 | D:3      | Noticed Ijyb
  1766 | D:3      | Killed Ijyb
  1846 | D:3      | Found a glowing drain.
  1867 | Sewer    | Entered a sewer
  1891 | Sewer    | Noticed a kobold brigand
  1909 | Sewer    | Mangled by a kobold brigand

Illustrated notes

Levels and vault maps discovered:
D:1:      lightli_arrival_lavapool, layout_loops_ring, minmay_misc_feat_encased
D:2:      layout_rooms, basic_altar, minmay_pentomino_w2
D:3:      layout_basic, serial_shops, shop, gup_sewer_entry_glass,
          serial_bayou_pond_e, chequers_big_river, fountainhead, uniq_ijyb
D:4:      layout_basic, nicolae_overflow_hidden_temple,
          minmay_temple_entry_drinking_statues
Sewer:    sewer_co_tree

Skill      XL: |  1  2  3  4 |
---------------+-------------+-----
Spellcasting   | 3 |  3.6
Necromancy     | 5 |  5.3
Axes           | |  0.1
Dodging        | |  2.0
Stealth        | |  2.2

Action                     |  1- 3 |  4- 6 || total
---------------------------+-------+-------++-------
  Melee: Hand axe          |    14 |       ||    14
         Dagger            |       |     5 ||     5
   Cast: Necrotise         |    43 |    65 ||   108
    Use: Scroll            |     3 |       ||     3
 Armour: Robe              |     5 |     5 ||    10
  Dodge: Dodged            |    10 |    16 ||    26

Table legend: (Time is in decaauts)
 A = Elapsed time spent in this place.
 B = Non-inter-level travel time spent in this place.
 C = Inter-level travel time spent in this place.
 D = Time resting spent in this place.
 E = Time spent auto-exploring this place.
 F = Levels seen in this place.
 G = Mean time per level.
                   A        B        C        D        E       F      G
               +--------+--------+--------+--------+--------+-----+--------+
         Total |   1922 |   1815 |    107 |      0 |   1477 |   5 |  384.4 |
       Dungeon |   1874 |   1767 |    107 |      0 |   1449 |   4 |  468.5 |
         Sewer |     47 |     47 |      0 |      0 |     27 |   1 |   47.0 |
               +--------+--------+--------+--------+--------+-----+--------+

Top non-repeatable levels by time:
     D:1: 1034 daAuts
     D:4: 405 daAuts
     D:3: 383 daAuts
     D:2: 51 daAuts
   Sewer: 47 daAuts
